[ PARTIDA AOE2 · #476546830 ]
UnrankedMaya vs Berbers
[ ANÁLISIS DE REPETICIÓN · EXTRAÍDO DE LA PARTIDA GRABADA ]
Feudal
13:32
Castillos
17:09
Imperial
35:05
| APM promedio | 47.9 |
| APM pico | 81 |
| eAPM promedio | 32.9 |
| Aldeanos / militares | 172 / 172 |
Foco
⚔️ 36.1% · 🌾 63.9%
Eagle Scout ×153 · Unknown (2626) ×15 · Fishing Ship ×12 · Plumed Archer ×11 · Trebuchet (Packed) ×8 · Unknown (2633) ×3
Feudal
13:39
Castillos
21:39
Imperial
—
| APM promedio | 35.3 |
| APM pico | 60 |
| eAPM promedio | 18.5 |
| Aldeanos / militares | 110 / 56 |
Foco
⚔️ 22.9% · 🌾 77.1%
War Wagon ×50 · Fishing Ship ×9 · Battering Ram ×4 · Unknown (2626) ×4 · Iron Pagoda ×2 · Trade Cog ×1
Feudal
13:09
Castillos
22:13
Imperial
41:39
| APM promedio | 32.7 |
| APM pico | 102 |
| eAPM promedio | 19.2 |
| Aldeanos / militares | 168 / 159 |
Foco
⚔️ 41.8% · 🌾 58.2%
Camel Archer ×127 · Knight ×21 · Fire Galley ×11 · Fishing Ship ×9 · Unknown (2626) ×8
Feudal
12:52
Castillos
17:01
Imperial
37:17
| APM promedio | 41.5 |
| APM pico | 96 |
| eAPM promedio | 27.4 |
| Aldeanos / militares | 207 / 106 |
Foco
⚔️ 25.9% · 🌾 74.1%
Knight ×68 · Scorpion ×9 · Fishing Ship ×9 · Bombard Cannon ×9 · Skirmisher ×8 · Mangonel ×6
Feudal
13:40
Castillos
19:54
Imperial
39:21
| APM promedio | 28.5 |
| APM pico | 55 |
| eAPM promedio | 15.9 |
| Aldeanos / militares | 142 / 23 |
Foco
⚔️ 15.3% · 🌾 84.7%
Fishing Ship ×17 · Genitour ×14 · Knight ×9 · Unknown (2626) ×7
Feudal
14:30
Castillos
18:10
Imperial
37:20
| APM promedio | 57.0 |
| APM pico | 107 |
| eAPM promedio | 24.3 |
| Aldeanos / militares | 137 / 157 |
Foco
⚔️ 32.7% · 🌾 67.3%
Mangudai ×131 · Battering Ram ×24 · Fishing Ship ×11 · Unknown (2626) ×9 · Monk ×2
Feudal
13:08
Castillos
16:45
Imperial
—
| APM promedio | 34.4 |
| APM pico | 76 |
| eAPM promedio | 17.4 |
| Aldeanos / militares | 163 / 48 |
Foco
⚔️ 22.3% · 🌾 77.7%
War Wagon ×27 · Fishing Ship ×8 · Monk ×7 · Battering Ram ×7 · Iron Pagoda ×4 · Fire Lancer ×3
Feudal
14:00
Castillos
18:12
Imperial
37:37
| APM promedio | 45.9 |
| APM pico | 87 |
| eAPM promedio | 26.8 |
| Aldeanos / militares | 159 / 127 |
Foco
⚔️ 26.1% · 🌾 73.9%
Spearman ×88 · Fire Lancer ×17 · Fishing Ship ×16 · Rattan Archer ×15 · Trebuchet (Packed) ×6 · Unknown (2626) ×3
Mapa de la partida
Recursos iniciales + cada clic de construcción. Líneas = muros · curvas = relieve. ◆ oro · ⬟ piedra · ● bayas · ✦ reliquia · ◌ hueco del cierre
Tu base· Abierta — hueco de 7t
Base de El Papá· Abierta — hueco de 4t
Base de Snitzelyd· Abierta — hueco de 7t
Base de Wolfie· Abierta — hueco de 9t
Base de shogun· Abierta — hueco de 9t
Base de CC呀是白日梦想家· Abierta — hueco de 6t
Base de CR4H· Abierta — hueco de 5t
Base de Ares_Hong Bang- Trieu Dynasty· Abierta — hueco de 4t
Terreno inicial suavizado · ◌ = hueco del cierre detectado · pasá el cursor para detalles
Inputs por minuto
— iloconeve - - El Papá
Build order — iloconeve
Primeras 150 de 615 acciones detectadas
| 0:10 | Construir | Town Center |
| 0:46 | Construir | Dock |
| 1:31 | Construir | House |
| 2:36 | Crear | Villager (Male) |
| 2:36 | Crear | Villager (Male) |
| 2:36 | Crear | Villager (Male) |
| 2:37 | Crear | Villager (Male) |
| 3:36 | Crear | Fishing Ship |
| 3:45 | Construir | Palisade Wall |
| 3:52 | Construir | Palisade Wall |
| 3:55 | Investigar | Loom |
| 4:05 | Crear | Villager (Male) |
| 4:06 | Crear | Villager (Male) |
| 4:06 | Crear | Villager (Male) |
| 4:09 | Construir | House |
| 4:48 | Crear | Villager (Male) |
| 4:48 | Crear | Villager (Male) |
| 4:48 | Crear | Villager (Male) |
| 5:01 | Crear | Fishing Ship |
| 5:01 | Crear | Fishing Ship |
| 5:01 | Crear | Fishing Ship |
| 5:06 | Crear | Villager (Male) |
| 5:06 | Crear | Villager (Male) |
| 5:34 | Construir | House |
| 5:37 | Crear | Villager (Male) |
| 5:38 | Crear | Villager (Male) |
| 5:38 | Crear | Villager (Male) |
| 6:08 | Crear | Villager (Male) |
| 6:08 | Crear | Villager (Male) |
| 6:10 | Crear | Fishing Ship |
| 6:10 | Crear | Fishing Ship |
| 6:30 | Crear | Villager (Male) |
| 6:31 | Crear | Villager (Male) |
| 6:45 | Crear | Fishing Ship |
| 6:45 | Crear | Fishing Ship |
| 6:52 | Crear | Villager (Male) |
| 6:52 | Crear | Villager (Male) |
| 6:52 | Crear | Villager (Male) |
| 7:06 | Crear | Fishing Ship |
| 7:19 | Crear | Villager (Male) |
| 7:19 | Crear | Villager (Male) |
| 7:19 | Crear | Villager (Male) |
| 7:36 | Crear | Villager (Male) |
| 7:36 | Crear | Villager (Male) |
| 7:38 | Construir | House |
| 8:05 | Construir | Mill |
| 8:15 | Crear | Villager (Male) |
| 8:16 | Crear | Fishing Ship |
| 8:31 | Construir | House |
| 8:45 | Construir | House |
| 8:47 | Construir | Palisade Wall |
| 8:50 | Crear | Villager (Male) |
| 8:58 | Crear | Fishing Ship |
| 9:15 | Crear | Villager (Male) |
| 9:41 | Crear | Villager (Male) |
| 10:05 | Crear | Villager (Male) |
| 10:14 | Crear | Fishing Ship |
| 10:31 | Crear | Villager (Male) |
| 10:46 | Construir | Mining Camp |
| 10:50 | Construir | Mining Camp |
| 10:55 | Crear | Villager (Male) |
| 11:22 | Investigar | Feudal Age |
| 11:22 | Investigar | Feudal Age |
| 11:22 | Investigar | Feudal Age |
| 11:56 | Crear | Villager (Male) |
| 12:09 | Construir | Dock |
| 12:18 | Construir | House |
| 13:32 | Edad | Edad Feudal |
| 13:34 | Construir | Market |
| 13:39 | Construir | Blacksmith |
| 13:40 | Investigar | Town Watch |
| 14:26 | Construir | House |
| 14:29 | Investigar | Castle Age |
| 14:29 | Investigar | Castle Age |
| 14:30 | Crear | Unit 2626 |
| 14:30 | Crear | Unit 2626 |
| 14:39 | Crear | Villager (Male) |
| 14:53 | Crear | Unit 2626 |
| 14:58 | Construir | House |
| 15:36 | Construir | House |
| 16:23 | Investigar | Fletching |
| 16:24 | Investigar | Fletching |
| 16:35 | Crear | Villager (Male) |
| 16:59 | Crear | Unit 2626 |
| 17:00 | Crear | Unit 2626 |
| 17:09 | Edad | Edad de los Castillos |
| 17:11 | Construir | House |
| 17:20 | Construir | Castle |
| 17:30 | Construir | Lumber Camp |
| 17:48 | Crear | Villager (Male) |
| 17:50 | Construir | Farm |
| 17:51 | Investigar | Horse Collar |
| 17:51 | Investigar | Horse Collar |
| 17:51 | Investigar | Horse Collar |
| 17:56 | Crear | Villager (Male) |
| 18:13 | Construir | House |
| 18:14 | Crear | Villager (Male) |
| 18:35 | Crear | Plumed Archer |
| 18:42 | Construir | Farm |
| 19:00 | Crear | Villager (Male) |
| 19:03 | Construir | Farm |
| 19:25 | Crear | Villager (Male) |
| 19:35 | Construir | Farm |
| 19:37 | Construir | Farm |
| 19:38 | Crear | Plumed Archer |
| 19:38 | Crear | Plumed Archer |
| 19:55 | Construir | Farm |
| 19:56 | Crear | Plumed Archer |
| 19:58 | Construir | Farm |
| 20:06 | Crear | Villager (Male) |
| 20:07 | Crear | Villager (Male) |
| 20:31 | Crear | Villager (Male) |
| 20:36 | Crear | Villager (Male) |
| 20:47 | Crear | Villager (Male) |
| 21:09 | Construir | Town Center |
| 21:16 | Crear | Villager (Male) |
| 21:27 | Crear | Villager (Male) |
| 21:33 | Crear | Villager (Male) |
| 21:40 | Construir | Farm |
| 21:55 | Crear | Villager (Male) |
| 21:56 | Crear | Villager (Male) |
| 22:03 | Crear | Villager (Male) |
| 22:04 | Investigar | Double-Bit Axe |
| 22:11 | Crear | Villager (Male) |
| 22:17 | Crear | Villager (Male) |
| 22:21 | Crear | Plumed Archer |
| 22:27 | Crear | Villager (Male) |
| 22:34 | Crear | Plumed Archer |
| 22:41 | Crear | Plumed Archer |
| 22:43 | Crear | Villager (Male) |
| 22:44 | Crear | Villager (Male) |
| 22:58 | Crear | Villager (Male) |
| 23:09 | Crear | Villager (Male) |
| 23:14 | Crear | Villager (Male) |
| 23:25 | Crear | Villager (Male) |
| 23:36 | Crear | Plumed Archer |
| 23:41 | Construir | Town Center |
| 23:43 | Investigar | Padded Archer Armor |
| 23:43 | Investigar | Padded Archer Armor |
| 23:45 | Crear | Villager (Male) |
| 23:48 | Crear | Villager (Male) |
| 23:57 | Crear | Villager (Male) |
| 24:01 | Investigar | Wheelbarrow |
| 24:01 | Investigar | Wheelbarrow |
| 24:03 | Crear | Plumed Archer |
| 24:10 | Crear | Villager (Male) |
| 24:28 | Crear | Villager (Male) |
| 24:29 | Crear | Villager (Male) |
| 24:30 | Crear | Villager (Male) |
| 24:32 | Construir | Farm |
Build order — El Papá
Primeras 150 de 271 acciones detectadas
| 0:08 | Construir | Dock |
| 0:15 | Construir | Town Center |
| 1:04 | Construir | House |
| 2:52 | Crear | Villager (Male) |
| 2:52 | Crear | Villager (Male) |
| 2:53 | Crear | Villager (Male) |
| 2:53 | Crear | Villager (Male) |
| 3:46 | Crear | Villager (Male) |
| 3:47 | Crear | Villager (Male) |
| 4:34 | Crear | Villager (Male) |
| 4:34 | Crear | Villager (Male) |
| 4:41 | Construir | House |
| 5:09 | Crear | Villager (Male) |
| 5:09 | Crear | Villager (Male) |
| 5:33 | Crear | Villager (Male) |
| 5:33 | Crear | Villager (Male) |
| 5:53 | Crear | Villager (Male) |
| 5:53 | Crear | Villager (Male) |
| 6:12 | Crear | Fishing Ship |
| 6:37 | Investigar | Loom |
| 6:38 | Crear | Villager (Male) |
| 6:38 | Crear | Villager (Male) |
| 6:50 | Construir | House |
| 7:01 | Crear | Fishing Ship |
| 7:18 | Crear | Villager (Male) |
| 7:19 | Crear | Villager (Male) |
| 7:19 | Crear | Villager (Male) |
| 7:30 | Crear | Fishing Ship |
| 7:30 | Crear | Fishing Ship |
| 7:53 | Construir | House |
| 7:57 | Crear | Villager (Male) |
| 7:57 | Crear | Villager (Male) |
| 8:22 | Crear | Fishing Ship |
| 8:41 | Crear | Villager (Male) |
| 9:02 | Crear | Fishing Ship |
| 9:14 | Construir | House |
| 9:42 | Crear | Villager (Male) |
| 9:42 | Crear | Villager (Male) |
| 9:42 | Crear | Villager (Male) |
| 10:05 | Construir | Lumber Camp |
| 10:34 | Crear | Fishing Ship |
| 10:42 | Construir | Mining Camp |
| 11:01 | Crear | Villager (Male) |
| 11:10 | Construir | Mining Camp |
| 11:29 | Investigar | Feudal Age |
| 11:46 | Construir | House |
| 12:04 | Crear | Villager (Male) |
| 12:05 | Crear | Villager (Male) |
| 12:31 | Crear | Villager (Male) |
| 12:57 | Construir | Dock |
| 13:39 | Edad | Edad Feudal |
| 13:40 | Crear | Trade Cog |
| 13:42 | Investigar | Double-Bit Axe |
| 13:46 | Crear | Unit 2626 |
| 13:55 | Crear | Unit 2626 |
| 13:59 | Construir | Blacksmith |
| 14:18 | Construir | Watch Tower |
| 14:25 | Construir | Watch Tower |
| 14:28 | Crear | Villager (Male) |
| 14:36 | Crear | Unit 2626 |
| 14:44 | Crear | Unit 2626 |
| 15:09 | Construir | House |
| 15:15 | Investigar | Town Watch |
| 15:15 | Crear | Villager (Male) |
| 15:16 | Crear | Villager (Male) |
| 15:59 | Investigar | Tech 906 |
| 15:59 | Crear | Fishing Ship |
| 16:02 | Crear | Fishing Ship |
| 16:04 | Crear | Villager (Male) |
| 16:17 | Crear | Villager (Male) |
| 16:19 | Construir | House |
| 16:48 | Construir | House |
| 17:01 | Construir | Mill |
| 17:04 | Crear | Villager (Male) |
| 17:41 | Construir | Lumber Camp |
| 18:07 | Crear | Villager (Male) |
| 18:15 | Construir | Palisade Wall |
| 18:16 | Construir | Palisade Wall |
| 18:18 | Construir | Palisade Wall |
| 18:19 | Construir | Palisade Wall |
| 18:26 | Construir | Market |
| 18:28 | Crear | Villager (Male) |
| 18:59 | Investigar | Castle Age |
| 19:10 | Construir | Watch Tower |
| 19:16 | Investigar | Fletching |
| 19:19 | Construir | House |
| 21:24 | Crear | Villager (Male) |
| 21:39 | Edad | Edad de los Castillos |
| 21:44 | Construir | Castle |
| 22:11 | Construir | Dock |
| 22:13 | Crear | Villager (Male) |
| 22:33 | Construir | Siege Workshop |
| 22:40 | Crear | War Wagon |
| 22:41 | Crear | War Wagon |
| 22:41 | Crear | War Wagon |
| 23:31 | Crear | War Wagon |
| 23:32 | Crear | War Wagon |
| 24:13 | Construir | Town Center |
| 24:30 | Crear | War Wagon |
| 24:49 | Investigar | Bow Saw |
| 24:49 | Investigar | Bow Saw |
| 25:24 | Crear | Villager (Male) |
| 25:24 | Crear | Villager (Male) |
| 25:24 | Crear | Villager (Male) |
| 25:24 | Crear | Villager (Male) |
| 25:25 | Crear | Villager (Male) |
| 26:01 | Crear | War Wagon |
| 26:02 | Crear | War Wagon |
| 26:20 | Investigar | Bodkin Arrow |
| 26:22 | Crear | Villager (Male) |
| 26:22 | Crear | Villager (Male) |
| 27:13 | Crear | Villager (Male) |
| 27:17 | Construir | Town Center |
| 27:20 | Crear | War Wagon |
| 27:21 | Crear | War Wagon |
| 27:21 | Crear | War Wagon |
| 28:10 | Crear | War Wagon |
| 28:11 | Crear | War Wagon |
| 28:15 | Crear | Villager (Male) |
| 28:15 | Crear | Villager (Male) |
| 28:15 | Crear | Villager (Male) |
| 28:47 | Crear | Villager (Male) |
| 28:48 | Crear | Villager (Male) |
| 28:48 | Crear | War Wagon |
| 28:49 | Crear | War Wagon |
| 28:49 | Crear | War Wagon |
| 29:17 | Crear | Battering Ram |
| 29:18 | Crear | Battering Ram |
| 29:20 | Crear | Villager (Male) |
| 29:20 | Crear | Villager (Male) |
| 29:20 | Crear | Villager (Male) |
| 29:21 | Crear | Villager (Male) |
| 29:21 | Crear | Villager (Male) |
| 29:39 | Construir | Castle |
| 30:38 | Crear | War Wagon |
| 30:38 | Crear | War Wagon |
| 30:39 | Crear | War Wagon |
| 30:39 | Crear | War Wagon |
| 31:03 | Crear | Villager (Male) |
| 31:04 | Crear | Villager (Male) |
| 31:04 | Crear | Villager (Male) |
| 31:04 | Crear | Villager (Male) |
| 31:21 | Construir | Farm |
| 31:22 | Construir | Farm |
| 31:24 | Crear | War Wagon |
| 31:25 | Crear | War Wagon |
| 31:25 | Crear | War Wagon |
| 31:39 | Construir | Mill |
| 32:48 | Crear | War Wagon |
| 32:48 | Crear | War Wagon |
Build order — Snitzelyd
Primeras 150 de 463 acciones detectadas
| 0:06 | Construir | Town Center |
| 1:00 | Construir | House |
| 1:04 | Construir | Dock |
| 2:27 | Crear | Villager (Male) |
| 2:27 | Crear | Villager (Male) |
| 2:27 | Crear | Villager (Male) |
| 2:28 | Crear | Villager (Male) |
| 3:35 | Crear | Fishing Ship |
| 4:02 | Construir | House |
| 4:17 | Crear | Villager (Male) |
| 4:31 | Construir | House |
| 4:54 | Crear | Fishing Ship |
| 5:04 | Investigar | Loom |
| 5:29 | Crear | Villager (Male) |
| 5:45 | Crear | Villager (Male) |
| 5:50 | Crear | Villager (Male) |
| 6:06 | Construir | House |
| 6:31 | Crear | Villager (Male) |
| 6:31 | Crear | Villager (Male) |
| 6:35 | Crear | Fishing Ship |
| 6:37 | Crear | Villager (Male) |
| 6:37 | Crear | Villager (Male) |
| 7:09 | Crear | Villager (Male) |
| 7:14 | Crear | Fishing Ship |
| 7:41 | Crear | Villager (Male) |
| 7:41 | Crear | Villager (Male) |
| 7:57 | Crear | Villager (Male) |
| 7:57 | Crear | Villager (Male) |
| 8:04 | Crear | Fishing Ship |
| 8:05 | Crear | Villager (Male) |
| 8:07 | Construir | House |
| 8:32 | Crear | Fishing Ship |
| 8:32 | Crear | Villager (Male) |
| 9:00 | Construir | House |
| 9:00 | Crear | Villager (Male) |
| 9:21 | Crear | Villager (Male) |
| 9:22 | Crear | Fishing Ship |
| 9:25 | Construir | House |
| 9:52 | Crear | Fishing Ship |
| 9:53 | Crear | Villager (Male) |
| 10:17 | Construir | Mill |
| 10:59 | Investigar | Feudal Age |
| 11:04 | Construir | Mining Camp |
| 11:17 | Crear | Fishing Ship |
| 12:00 | Construir | Dock |
| 12:14 | Crear | Villager (Male) |
| 12:46 | Construir | House |
| 12:47 | Construir | House |
| 12:51 | Crear | Villager (Male) |
| 12:51 | Crear | Villager (Male) |
| 13:09 | Edad | Edad Feudal |
| 13:10 | Crear | Fire Galley |
| 13:10 | Crear | Fire Galley |
| 13:42 | Crear | Unit 2626 |
| 13:43 | Crear | Unit 2626 |
| 13:45 | Crear | Villager (Male) |
| 13:45 | Crear | Villager (Male) |
| 14:13 | Crear | Villager (Male) |
| 14:15 | Crear | Villager (Male) |
| 14:38 | Crear | Villager (Male) |
| 14:39 | Crear | Villager (Male) |
| 14:44 | Crear | Fire Galley |
| 14:44 | Crear | Fire Galley |
| 14:46 | Crear | Villager (Male) |
| 14:46 | Crear | Villager (Male) |
| 14:56 | Construir | Lumber Camp |
| 15:50 | Crear | Fire Galley |
| 15:53 | Investigar | Double-Bit Axe |
| 16:29 | Crear | Villager (Male) |
| 16:30 | Crear | Villager (Male) |
| 16:35 | Crear | Fire Galley |
| 16:35 | Crear | Fire Galley |
| 16:37 | Crear | Villager (Male) |
| 16:37 | Crear | Villager (Male) |
| 16:42 | Construir | House |
| 16:46 | Crear | Villager (Male) |
| 17:22 | Crear | Villager (Male) |
| 17:22 | Crear | Villager (Male) |
| 17:29 | Construir | Market |
| 17:40 | Construir | House |
| 17:54 | Construir | Mining Camp |
| 18:27 | Crear | Villager (Male) |
| 18:27 | Crear | Villager (Male) |
| 18:27 | Crear | Villager (Male) |
| 18:46 | Construir | Blacksmith |
| 19:32 | Investigar | Castle Age |
| 19:37 | Crear | Unit 2626 |
| 19:37 | Crear | Fire Galley |
| 19:37 | Crear | Fire Galley |
| 19:38 | Crear | Unit 2626 |
| 19:48 | Investigar | Stone Mining |
| 20:26 | Crear | Fire Galley |
| 20:26 | Crear | Fire Galley |
| 20:28 | Crear | Villager (Male) |
| 20:28 | Crear | Villager (Male) |
| 20:52 | Construir | House |
| 21:29 | Construir | House |
| 21:55 | Investigar | Tech 906 |
| 22:04 | Crear | Villager (Male) |
| 22:04 | Crear | Villager (Male) |
| 22:12 | Crear | Unit 2626 |
| 22:12 | Crear | Unit 2626 |
| 22:13 | Edad | Edad de los Castillos |
| 22:17 | Investigar | War Galley (upgrade) |
| 22:39 | Crear | Villager (Male) |
| 22:39 | Crear | Villager (Male) |
| 22:51 | Construir | Town Center |
| 22:55 | Investigar | Bow Saw |
| 23:04 | Construir | Castle |
| 23:33 | Crear | Villager (Male) |
| 23:38 | Investigar | Fletching |
| 23:50 | Crear | Villager (Male) |
| 23:50 | Crear | Villager (Male) |
| 23:53 | Crear | Villager (Male) |
| 23:53 | Crear | Villager (Male) |
| 24:01 | Crear | Villager (Male) |
| 24:02 | Crear | Villager (Male) |
| 24:28 | Crear | Unit 2626 |
| 24:28 | Crear | Unit 2626 |
| 24:30 | Crear | Villager (Male) |
| 24:30 | Crear | Villager (Male) |
| 24:40 | Construir | Town Center |
| 24:44 | Crear | Villager (Male) |
| 24:44 | Crear | Villager (Male) |
| 24:45 | Crear | Villager (Male) |
| 25:08 | Crear | Villager (Male) |
| 25:09 | Crear | Villager (Male) |
| 25:20 | Crear | Camel Archer |
| 25:21 | Crear | Camel Archer |
| 25:21 | Crear | Camel Archer |
| 25:21 | Crear | Camel Archer |
| 25:21 | Crear | Camel Archer |
| 25:48 | Crear | Villager (Male) |
| 26:11 | Crear | Villager (Male) |
| 26:11 | Crear | Villager (Male) |
| 26:14 | Crear | Camel Archer |
| 26:14 | Crear | Camel Archer |
| 26:14 | Crear | Camel Archer |
| 26:22 | Construir | University |
| 26:27 | Crear | Villager (Male) |
| 26:39 | Investigar | Horse Collar |
| 26:43 | Construir | Farm |
| 26:43 | Construir | Farm |
| 26:43 | Construir | Farm |
| 26:44 | Construir | Farm |
| 26:44 | Construir | Farm |
| 26:47 | Construir | Farm |
| 26:47 | Construir | Farm |
| 26:48 | Construir | Farm |
| 26:48 | Construir | Farm |
Build order — Wolfie
Primeras 150 de 490 acciones detectadas
| 0:30 | Construir | Town Center |
| 2:33 | Crear | Villager (Male) ×5 |
| 2:56 | Construir | House |
| 3:23 | Construir | Dock |
| 4:17 | Investigar | Loom |
| 4:36 | Crear | Fishing Ship |
| 4:37 | Crear | Fishing Ship |
| 4:39 | Construir | House |
| 4:44 | Crear | Villager (Male) |
| 5:29 | Construir | Palisade Wall |
| 5:30 | Construir | Palisade Wall |
| 5:44 | Crear | Fishing Ship |
| 5:46 | Crear | Villager (Male) |
| 6:11 | Crear | Villager (Male) |
| 6:31 | Crear | Villager (Male) |
| 6:32 | Crear | Fishing Ship |
| 6:40 | Crear | Villager (Male) |
| 6:40 | Crear | Villager (Male) |
| 6:48 | Construir | House |
| 7:09 | Crear | Villager (Male) |
| 7:37 | Crear | Villager (Male) |
| 7:45 | Construir | House |
| 7:52 | Crear | Fishing Ship |
| 7:53 | Crear | Villager (Male) |
| 7:53 | Crear | Villager (Male) |
| 8:01 | Crear | Villager (Male) |
| 8:33 | Crear | Fishing Ship |
| 8:47 | Construir | Palisade Wall |
| 8:55 | Crear | Fishing Ship |
| 9:13 | Crear | Fishing Ship |
| 9:16 | Crear | Villager (Male) |
| 9:56 | Construir | House |
| 10:10 | Construir | Mill |
| 10:17 | Crear | Villager (Male) |
| 10:27 | Construir | Dock |
| 10:37 | Investigar | Feudal Age |
| 11:14 | Construir | Mining Camp |
| 11:34 | Crear | Fishing Ship |
| 11:35 | Crear | Villager (Male) |
| 11:57 | Construir | House |
| 12:15 | Construir | Lumber Camp |
| 12:20 | Construir | House |
| 12:52 | Edad | Edad Feudal |
| 12:58 | Construir | Market |
| 13:10 | Crear | Villager (Male) |
| 13:33 | Construir | Blacksmith |
| 13:36 | Crear | Villager (Male) |
| 13:43 | Crear | Villager (Male) |
| 14:35 | Investigar | Castle Age |
| 15:06 | Investigar | Double-Bit Axe |
| 15:09 | Crear | Fire Galley ×2 |
| 15:27 | Construir | House |
| 15:37 | Investigar | Tech 906 |
| 16:12 | Construir | Outpost |
| 16:19 | Investigar | Gold Mining |
| 16:20 | Crear | Villager (Male) |
| 17:01 | Edad | Edad de los Castillos |
| 17:28 | Construir | Castle |
| 17:31 | Crear | Villager (Male) |
| 17:32 | Crear | Villager (Male) |
| 17:35 | Crear | Fire Galley ×2 |
| 17:36 | Crear | Villager (Male) |
| 17:41 | Construir | Palisade Gate |
| 17:42 | Crear | Villager (Male) |
| 17:53 | Crear | Villager (Male) |
| 18:09 | Crear | Villager (Male) |
| 18:17 | Crear | Villager (Male) |
| 18:45 | Crear | Villager (Male) |
| 18:55 | Construir | House |
| 18:57 | Construir | House |
| 18:58 | Construir | House |
| 19:00 | Crear | Villager (Male) |
| 19:56 | Crear | Villager (Male) |
| 20:05 | Crear | Villager (Male) |
| 20:12 | Construir | House |
| 20:13 | Crear | Villager (Male) |
| 20:27 | Construir | Town Center |
| 20:40 | Crear | Villager (Male) |
| 20:42 | Crear | Villager (Male) |
| 20:44 | Construir | House |
| 20:45 | Crear | Villager (Male) |
| 20:47 | Crear | Villager (Male) |
| 20:57 | Investigar | Bow Saw |
| 20:57 | Investigar | Horse Collar |
| 20:59 | Crear | Villager (Male) |
| 21:15 | Crear | Villager (Male) |
| 21:28 | Construir | Siege Workshop |
| 21:33 | Crear | Villager (Male) |
| 21:33 | Crear | Villager (Male) |
| 21:35 | Crear | Villager (Male) |
| 21:41 | Investigar | Fletching |
| 21:42 | Crear | Villager (Male) |
| 21:43 | Crear | Villager (Male) |
| 21:45 | Crear | Villager (Male) |
| 21:52 | Construir | House |
| 21:54 | Construir | Barracks |
| 21:59 | Construir | Monastery |
| 22:00 | Crear | Villager (Male) |
| 22:08 | Crear | Villager (Male) |
| 22:15 | Crear | Villager (Male) |
| 22:18 | Crear | Mangonel |
| 22:19 | Crear | Villager (Male) |
| 22:20 | Crear | Villager (Male) |
| 22:25 | Crear | Villager (Male) |
| 22:48 | Crear | Mangonel |
| 22:55 | Crear | Monk |
| 23:10 | Crear | Mangonel |
| 23:17 | Crear | Villager (Male) |
| 23:41 | Crear | Villager (Male) |
| 23:43 | Crear | Mangonel |
| 24:25 | Crear | Villager (Male) |
| 24:27 | Crear | Villager (Male) |
| 24:30 | Construir | Stable |
| 24:31 | Crear | Villager (Male) |
| 24:32 | Crear | Villager (Male) |
| 24:40 | Construir | Dock |
| 24:53 | Construir | Town Center |
| 24:54 | Crear | Villager (Male) |
| 25:01 | Crear | Villager (Male) |
| 25:25 | Crear | Villager (Male) |
| 25:31 | Crear | Villager (Male) |
| 25:38 | Investigar | Heavy Plow |
| 25:44 | Crear | Villager (Male) |
| 25:45 | Crear | Villager (Male) |
| 25:48 | Construir | Farm |
| 25:52 | Construir | Farm |
| 25:53 | Construir | Farm |
| 25:54 | Construir | Farm |
| 25:55 | Construir | Farm |
| 25:56 | Construir | Farm |
| 26:01 | Crear | Villager (Male) |
| 26:13 | Construir | Farm |
| 26:20 | Construir | House |
| 26:24 | Construir | Farm |
| 26:38 | Crear | Villager (Male) |
| 26:39 | Crear | Villager (Male) |
| 26:42 | Construir | Farm |
| 26:42 | Construir | Farm |
| 26:42 | Construir | Farm |
| 26:42 | Construir | Farm |
| 26:43 | Construir | Farm |
| 26:43 | Construir | Farm |
| 26:48 | Construir | Farm |
| 27:05 | Crear | Villager (Male) |
| 27:24 | Crear | Villager (Male) |
| 27:30 | Construir | Castle |
| 27:34 | Crear | Villager (Male) |
| 27:38 | Crear | Villager (Male) |
| 27:38 | Crear | Villager (Male) |
| 27:39 | Crear | Villager (Male) |
Build order — shogun
Primeras 150 de 388 acciones detectadas
| 0:15 | Construir | Town Center |
| 0:49 | Construir | Dock |
| 0:53 | Construir | House |
| 2:39 | Crear | Villager (Male) |
| 2:39 | Crear | Villager (Male) |
| 2:40 | Crear | Villager (Male) |
| 2:46 | Investigar | Loom |
| 3:05 | Crear | Villager (Male) |
| 3:05 | Crear | Villager (Male) |
| 3:05 | Crear | Villager (Male) |
| 3:06 | Crear | Villager (Male) |
| 3:32 | Crear | Fishing Ship |
| 4:08 | Crear | Villager (Male) |
| 4:57 | Crear | Villager (Male) |
| 4:57 | Crear | Villager (Male) |
| 5:16 | Construir | House |
| 5:27 | Crear | Villager (Male) |
| 5:27 | Crear | Villager (Male) |
| 6:06 | Crear | Villager (Male) |
| 6:06 | Crear | Villager (Male) |
| 6:32 | Crear | Villager (Male) |
| 6:32 | Crear | Villager (Male) |
| 6:48 | Crear | Villager (Male) |
| 6:49 | Crear | Villager (Male) |
| 6:49 | Crear | Villager (Male) |
| 6:56 | Construir | House |
| 7:43 | Crear | Villager (Male) |
| 7:56 | Crear | Fishing Ship |
| 8:41 | Crear | Fishing Ship |
| 8:44 | Construir | House |
| 9:00 | Construir | House |
| 9:05 | Crear | Villager (Male) |
| 9:06 | Crear | Villager (Male) |
| 9:39 | Crear | Villager (Male) |
| 9:43 | Crear | Fishing Ship |
| 9:52 | Crear | Villager (Male) |
| 9:53 | Crear | Villager (Male) |
| 10:36 | Construir | House |
| 10:44 | Construir | Lumber Camp |
| 11:07 | Crear | Villager (Male) |
| 11:36 | Investigar | Feudal Age |
| 12:10 | Construir | Mill |
| 12:28 | Construir | House |
| 12:49 | Crear | Villager (Male) |
| 12:49 | Crear | Villager (Male) |
| 13:18 | Construir | Dock |
| 13:40 | Edad | Edad Feudal |
| 13:47 | Investigar | Wheelbarrow |
| 13:53 | Investigar | Double-Bit Axe |
| 13:58 | Crear | Unit 2626 |
| 14:14 | Crear | Villager (Male) |
| 14:23 | Crear | Villager (Male) |
| 14:27 | Crear | Unit 2626 |
| 14:42 | Crear | Unit 2626 |
| 14:46 | Construir | House |
| 15:36 | Construir | Market |
| 15:42 | Crear | Villager (Male) |
| 15:42 | Crear | Villager (Male) |
| 15:43 | Crear | Villager (Male) |
| 16:33 | Construir | Blacksmith |
| 16:36 | Construir | House |
| 16:49 | Crear | Villager (Male) |
| 17:06 | Investigar | Fletching |
| 17:29 | Investigar | Castle Age |
| 17:47 | Investigar | Horse Collar |
| 17:58 | Construir | Barracks |
| 18:02 | Investigar | Padded Archer Armor |
| 18:11 | Crear | Fishing Ship |
| 18:49 | Crear | Villager (Male) |
| 19:25 | Crear | Villager (Male) |
| 19:26 | Crear | Villager (Male) |
| 19:31 | Construir | Archery Range |
| 19:34 | Construir | House |
| 19:54 | Edad | Edad de los Castillos |
| 20:11 | Construir | Archery Range |
| 20:14 | Crear | Genitour |
| 20:20 | Investigar | Leather Archer Armor |
| 20:21 | Investigar | Bodkin Arrow |
| 20:26 | Investigar | Bow Saw |
| 20:30 | Crear | Fishing Ship |
| 20:32 | Crear | Fishing Ship |
| 20:42 | Crear | Villager (Male) |
| 20:44 | Crear | Genitour |
| 20:46 | Crear | Genitour |
| 21:10 | Crear | Villager (Male) |
| 21:17 | Construir | Town Center |
| 21:23 | Crear | Genitour |
| 21:23 | Crear | Genitour |
| 21:27 | Crear | Villager (Male) |
| 21:27 | Crear | Villager (Male) |
| 21:44 | Crear | Villager (Male) |
| 21:48 | Crear | Genitour |
| 22:07 | Crear | Villager (Male) |
| 22:08 | Crear | Villager (Male) |
| 22:25 | Construir | Farm |
| 22:33 | Crear | Unit 2626 |
| 22:34 | Crear | Unit 2626 |
| 22:40 | Crear | Villager (Male) |
| 22:40 | Crear | Villager (Male) |
| 22:51 | Construir | Farm |
| 22:52 | Construir | Farm |
| 22:56 | Construir | Farm |
| 22:58 | Crear | Villager (Male) |
| 23:01 | Crear | Villager (Male) |
| 23:20 | Crear | Villager (Male) |
| 23:20 | Crear | Villager (Male) |
| 23:27 | Crear | Villager (Male) |
| 23:33 | Construir | Farm |
| 23:49 | Construir | House |
| 23:51 | Construir | House |
| 23:57 | Crear | Genitour |
| 23:57 | Crear | Genitour |
| 24:02 | Construir | House |
| 24:13 | Construir | House |
| 24:18 | Crear | Villager (Male) |
| 24:28 | Crear | Villager (Male) |
| 24:30 | Crear | Villager (Male) |
| 24:35 | Construir | House |
| 24:42 | Construir | Town Center |
| 24:45 | Crear | Villager (Male) |
| 24:46 | Crear | Villager (Male) |
| 25:05 | Crear | Genitour |
| 25:06 | Crear | Genitour |
| 25:07 | Crear | Genitour |
| 25:14 | Construir | Farm |
| 25:15 | Crear | Villager (Male) |
| 25:16 | Crear | Villager (Male) |
| 25:16 | Crear | Villager (Male) |
| 25:25 | Crear | Villager (Male) |
| 25:25 | Crear | Villager (Male) |
| 25:26 | Crear | Villager (Male) |
| 25:26 | Crear | Villager (Male) |
| 25:32 | Construir | Lumber Camp |
| 25:40 | Crear | Genitour |
| 25:45 | Construir | Lumber Camp |
| 25:49 | Crear | Villager (Male) |
| 26:07 | Crear | Villager (Male) |
| 26:13 | Construir | House |
| 26:15 | Construir | House |
| 26:18 | Construir | Lumber Camp |
| 26:20 | Crear | Villager (Male) |
| 26:40 | Construir | Stable |
| 26:43 | Construir | Stone Wall |
| 26:45 | Construir | Stone Wall |
| 26:49 | Crear | Genitour |
| 26:49 | Crear | Genitour |
| 26:51 | Crear | Villager (Male) |
| 26:56 | Construir | University |
| 27:00 | Construir | Farm |
| 27:03 | Construir | Lumber Camp |
Build order — CC呀是白日梦想家
Primeras 150 de 463 acciones detectadas
| 0:04 | Construir | Town Center |
| 1:42 | Construir | Dock |
| 1:44 | Construir | House |
| 2:31 | Crear | Villager (Male) |
| 2:32 | Crear | Villager (Male) |
| 2:32 | Crear | Villager (Male) |
| 2:32 | Crear | Villager (Male) |
| 3:42 | Investigar | Loom |
| 3:52 | Crear | Fishing Ship |
| 3:53 | Crear | Fishing Ship |
| 4:07 | Construir | House |
| 4:32 | Crear | Villager (Male) |
| 4:47 | Construir | House |
| 5:04 | Crear | Villager (Male) |
| 5:28 | Crear | Fishing Ship |
| 5:30 | Crear | Villager (Male) |
| 5:30 | Crear | Villager (Male) |
| 5:50 | Crear | Villager (Male) |
| 6:10 | Crear | Villager (Male) |
| 6:14 | Construir | House |
| 6:27 | Crear | Fishing Ship |
| 6:40 | Crear | Villager (Male) |
| 6:44 | Construir | House |
| 7:00 | Crear | Villager (Male) |
| 7:11 | Crear | Fishing Ship |
| 7:12 | Crear | Villager (Male) |
| 7:33 | Crear | Fishing Ship |
| 7:46 | Crear | Villager (Male) |
| 7:50 | Construir | House |
| 8:07 | Crear | Fishing Ship |
| 8:21 | Crear | Villager (Male) |
| 8:21 | Crear | Villager (Male) |
| 8:32 | Crear | Fishing Ship |
| 8:44 | Crear | Villager (Male) |
| 8:54 | Crear | Villager (Male) |
| 8:55 | Crear | Fishing Ship |
| 8:58 | Construir | House |
| 9:15 | Crear | Fishing Ship |
| 9:30 | Crear | Villager (Male) |
| 9:40 | Crear | Villager (Male) |
| 9:45 | Construir | House |
| 10:11 | Crear | Villager (Male) |
| 10:19 | Crear | Villager (Male) |
| 10:55 | Crear | Villager (Male) |
| 11:04 | Construir | Mill |
| 11:11 | Construir | House |
| 11:14 | Crear | Fishing Ship |
| 11:24 | Crear | Villager (Male) |
| 11:28 | Construir | Mining Camp |
| 11:55 | Crear | Villager (Male) |
| 12:09 | Construir | House |
| 12:18 | Investigar | Feudal Age |
| 12:18 | Investigar | Feudal Age |
| 12:36 | Construir | Mining Camp |
| 13:17 | Construir | Lumber Camp |
| 13:37 | Crear | Villager (Male) |
| 13:37 | Crear | Villager (Male) |
| 13:43 | Construir | House |
| 14:11 | Construir | Outpost |
| 14:30 | Edad | Edad Feudal |
| 14:34 | Construir | Market |
| 14:37 | Construir | Blacksmith |
| 14:47 | Construir | Outpost |
| 14:55 | Investigar | Double-Bit Axe |
| 15:01 | Construir | Palisade Wall |
| 15:30 | Investigar | Castle Age |
| 15:30 | Investigar | Castle Age |
| 15:49 | Construir | Outpost |
| 15:50 | Investigar | Town Watch |
| 15:51 | Crear | Villager (Male) |
| 15:57 | Investigar | Gold Mining |
| 15:57 | Investigar | Stone Mining |
| 16:23 | Construir | Dock |
| 16:39 | Construir | House |
| 17:12 | Construir | House |
| 17:13 | Construir | House |
| 18:02 | Crear | Villager (Male) |
| 18:02 | Crear | Villager (Male) |
| 18:10 | Edad | Edad de los Castillos |
| 18:13 | Construir | Castle |
| 18:27 | Crear | Unit 2626 |
| 18:28 | Crear | Unit 2626 |
| 18:39 | Construir | House |
| 18:45 | Investigar | Bow Saw |
| 18:47 | Investigar | Gold Shaft Mining |
| 18:50 | Crear | Villager (Male) |
| 18:56 | Investigar | Horse Collar |
| 19:10 | Crear | Unit 2626 |
| 19:10 | Crear | Unit 2626 |
| 19:11 | Crear | Unit 2626 |
| 19:30 | Construir | House |
| 19:34 | Crear | Villager (Male) |
| 19:34 | Crear | Villager (Male) |
| 19:35 | Crear | Villager (Male) |
| 19:37 | Crear | Mangudai |
| 19:37 | Crear | Mangudai |
| 19:56 | Crear | Mangudai |
| 19:56 | Crear | Mangudai |
| 20:09 | Construir | Palisade Wall |
| 20:28 | Crear | Villager (Male) |
| 20:28 | Crear | Villager (Male) |
| 20:31 | Crear | Mangudai |
| 20:34 | Investigar | Fletching |
| 20:48 | Crear | Villager (Male) |
| 21:03 | Crear | Mangudai |
| 21:03 | Crear | Mangudai |
| 21:14 | Construir | Town Center |
| 21:18 | Crear | Mangudai |
| 21:33 | Crear | Villager (Male) |
| 21:41 | Crear | Mangudai |
| 21:41 | Crear | Mangudai |
| 22:20 | Crear | Villager (Male) |
| 22:21 | Crear | Villager (Male) |
| 22:28 | Investigar | Bodkin Arrow |
| 22:31 | Crear | Mangudai |
| 22:36 | Crear | Villager (Male) |
| 22:57 | Construir | Farm |
| 22:58 | Construir | Farm |
| 22:58 | Construir | Farm |
| 22:58 | Construir | Farm |
| 22:58 | Construir | Farm |
| 23:05 | Crear | Villager (Male) |
| 23:05 | Crear | Villager (Male) |
| 23:07 | Construir | Farm |
| 23:07 | Construir | Farm |
| 23:08 | Construir | Farm |
| 23:08 | Construir | Farm |
| 23:13 | Construir | Town Center |
| 23:35 | Construir | House |
| 23:37 | Crear | Villager (Male) |
| 23:38 | Crear | Mangudai |
| 23:38 | Crear | Mangudai |
| 23:38 | Crear | Mangudai |
| 23:46 | Crear | Villager (Male) |
| 24:17 | Crear | Villager (Male) |
| 24:18 | Crear | Villager (Male) |
| 24:43 | Crear | Villager (Male) |
| 24:44 | Crear | Villager (Male) |
| 24:44 | Crear | Villager (Male) |
| 24:48 | Construir | Farm |
| 24:48 | Construir | Farm |
| 24:54 | Crear | Villager (Male) |
| 24:54 | Crear | Villager (Male) |
| 24:57 | Crear | Villager (Male) |
| 25:17 | Crear | Mangudai |
| 25:17 | Crear | Mangudai |
| 25:24 | Crear | Unit 2626 |
| 25:24 | Crear | Unit 2626 |
| 25:26 | Crear | Villager (Male) |
| 25:46 | Crear | Villager (Male) |
Build order — CR4H
Primeras 150 de 296 acciones detectadas
| 0:08 | Construir | Town Center |
| 0:14 | Construir | House |
| 2:08 | Construir | Dock |
| 2:29 | Crear | Villager (Male) |
| 2:29 | Crear | Villager (Male) |
| 2:30 | Crear | Villager (Male) |
| 2:30 | Crear | Villager (Male) |
| 2:30 | Crear | Villager (Male) |
| 3:28 | Construir | House |
| 3:53 | Construir | House |
| 4:19 | Investigar | Loom |
| 4:28 | Crear | Fishing Ship |
| 4:28 | Crear | Fishing Ship |
| 4:33 | Construir | House |
| 4:49 | Crear | Villager (Male) |
| 4:49 | Crear | Villager (Male) |
| 4:49 | Crear | Villager (Male) |
| 5:21 | Crear | Villager (Male) |
| 5:22 | Crear | Villager (Male) |
| 5:24 | Crear | Fishing Ship |
| 5:24 | Crear | Fishing Ship |
| 5:56 | Crear | Villager (Male) |
| 5:57 | Crear | Villager (Male) |
| 6:23 | Crear | Villager (Male) |
| 6:26 | Construir | House |
| 6:28 | Crear | Fishing Ship |
| 6:48 | Crear | Villager (Male) |
| 6:48 | Crear | Villager (Male) |
| 7:08 | Crear | Villager (Male) |
| 7:08 | Crear | Villager (Male) |
| 7:35 | Crear | Villager (Male) |
| 7:35 | Crear | Villager (Male) |
| 7:37 | Crear | Fishing Ship |
| 7:41 | Construir | House |
| 8:00 | Crear | Villager (Male) |
| 8:01 | Crear | Villager (Male) |
| 8:01 | Crear | Villager (Male) |
| 8:14 | Crear | Fishing Ship |
| 8:27 | Construir | House |
| 8:44 | Crear | Villager (Male) |
| 8:44 | Crear | Villager (Male) |
| 8:44 | Crear | Villager (Male) |
| 9:04 | Crear | Fishing Ship |
| 9:06 | Crear | Villager (Male) |
| 9:07 | Crear | Villager (Male) |
| 9:28 | Crear | Villager (Male) |
| 9:29 | Crear | Villager (Male) |
| 10:02 | Construir | Mill |
| 10:46 | Construir | House |
| 10:58 | Investigar | Feudal Age |
| 12:50 | Construir | Mining Camp |
| 13:08 | Edad | Edad Feudal |
| 13:10 | Construir | Market |
| 13:13 | Construir | Blacksmith |
| 13:13 | Crear | Villager (Male) |
| 14:05 | Investigar | Castle Age |
| 14:05 | Investigar | Castle Age |
| 14:05 | Investigar | Castle Age |
| 14:26 | Construir | Lumber Camp |
| 14:59 | Investigar | Double-Bit Axe |
| 15:31 | Investigar | Fletching |
| 16:42 | Crear | Villager (Male) |
| 16:45 | Edad | Edad de los Castillos |
| 16:46 | Investigar | Bow Saw |
| 16:54 | Investigar | Horse Collar |
| 17:15 | Construir | Castle |
| 17:22 | Construir | Farm |
| 17:28 | Crear | Villager (Male) |
| 17:28 | Crear | Villager (Male) |
| 17:28 | Crear | Villager (Male) |
| 17:52 | Crear | Villager (Male) |
| 17:56 | Construir | Farm |
| 18:03 | Crear | Villager (Male) |
| 18:24 | Construir | Farm |
| 18:25 | Crear | Villager (Male) |
| 18:32 | Crear | Villager (Male) |
| 18:37 | Crear | War Wagon |
| 18:39 | Crear | War Wagon |
| 18:47 | Construir | Farm |
| 18:49 | Crear | Villager (Male) |
| 18:50 | Crear | Villager (Male) |
| 19:00 | Crear | Villager (Male) |
| 19:00 | Crear | Villager (Male) |
| 19:27 | Crear | Villager (Male) |
| 19:42 | Construir | Siege Workshop |
| 19:44 | Crear | Villager (Male) |
| 19:45 | Crear | Villager (Male) |
| 19:50 | Crear | Villager (Male) |
| 19:50 | Crear | Villager (Male) |
| 20:08 | Crear | Villager (Male) |
| 20:08 | Crear | Villager (Male) |
| 20:11 | Crear | War Wagon |
| 20:25 | Crear | Battering Ram |
| 20:32 | Construir | Farm |
| 20:35 | Construir | Farm |
| 20:36 | Crear | Villager (Male) |
| 20:49 | Crear | Villager (Male) |
| 21:05 | Crear | War Wagon |
| 21:06 | Crear | War Wagon |
| 21:16 | Crear | Villager (Male) |
| 21:16 | Crear | Villager (Male) |
| 21:16 | Crear | Villager (Male) |
| 21:19 | Crear | Villager (Male) |
| 21:19 | Crear | Villager (Male) |
| 21:19 | Crear | Villager (Male) |
| 21:41 | Crear | Villager (Male) |
| 21:52 | Crear | War Wagon |
| 21:52 | Crear | War Wagon |
| 21:53 | Crear | Villager (Male) |
| 22:03 | Construir | Watch Tower |
| 22:19 | Construir | Watch Tower |
| 22:26 | Crear | Villager (Male) |
| 22:26 | Crear | Villager (Male) |
| 22:26 | Crear | Villager (Male) |
| 22:39 | Crear | Villager (Male) |
| 22:40 | Crear | Villager (Male) |
| 22:54 | Crear | Villager (Male) |
| 22:54 | Crear | Villager (Male) |
| 22:54 | Crear | Villager (Male) |
| 23:13 | Construir | Town Center |
| 23:14 | Crear | Villager (Male) |
| 23:14 | Crear | Villager (Male) |
| 23:17 | Construir | Farm |
| 23:21 | Construir | Farm |
| 23:23 | Construir | Farm |
| 23:35 | Crear | War Wagon |
| 23:35 | Crear | War Wagon |
| 23:44 | Crear | Villager (Male) |
| 23:44 | Crear | Villager (Male) |
| 23:44 | Crear | Villager (Male) |
| 24:07 | Crear | Villager (Male) |
| 24:07 | Crear | Villager (Male) |
| 24:25 | Crear | Villager (Male) |
| 24:31 | Crear | Iron Pagoda |
| 24:33 | Crear | Villager (Male) |
| 24:33 | Crear | Villager (Male) |
| 24:33 | Crear | Villager (Male) |
| 24:39 | Crear | War Wagon |
| 24:40 | Crear | War Wagon |
| 24:51 | Crear | Villager (Male) |
| 24:51 | Crear | Villager (Male) |
| 24:51 | Crear | Villager (Male) |
| 25:17 | Construir | Lumber Camp |
| 25:24 | Crear | Villager (Male) |
| 25:24 | Crear | Villager (Male) |
| 25:30 | Crear | Villager (Male) |
| 25:30 | Crear | Villager (Male) |
| 25:30 | Crear | Villager (Male) |
| 25:31 | Crear | Villager (Male) |
| 25:51 | Crear | Iron Pagoda |
Build order — Ares_Hong Bang- Trieu Dynasty
Primeras 150 de 484 acciones detectadas
| 0:32 | Construir | Town Center |
| 0:49 | Construir | Dock |
| 2:26 | Construir | House |
| 2:34 | Construir | House |
| 2:42 | Construir | Palisade Wall |
| 3:06 | Construir | House |
| 3:14 | Crear | Villager (Male) |
| 3:14 | Crear | Villager (Male) |
| 3:27 | Crear | Villager (Male) |
| 3:28 | Crear | Villager (Male) |
| 3:28 | Crear | Villager (Male) |
| 3:55 | Crear | Villager (Male) |
| 3:55 | Crear | Villager (Male) |
| 4:12 | Investigar | Loom |
| 4:39 | Construir | House |
| 4:44 | Crear | Villager (Male) |
| 4:45 | Crear | Villager (Male) |
| 4:46 | Crear | Villager (Male) |
| 5:22 | Crear | Villager (Male) |
| 5:22 | Crear | Villager (Male) |
| 6:01 | Crear | Fishing Ship |
| 6:01 | Crear | Fishing Ship |
| 6:06 | Crear | Villager (Male) |
| 6:06 | Crear | Villager (Male) |
| 6:06 | Crear | Villager (Male) |
| 6:28 | Construir | House |
| 6:54 | Construir | House |
| 7:01 | Crear | Villager (Male) |
| 7:10 | Construir | House |
| 7:25 | Crear | Villager (Male) |
| 7:25 | Crear | Villager (Male) |
| 7:47 | Crear | Fishing Ship |
| 7:50 | Construir | House |
| 7:54 | Crear | Villager (Male) |
| 7:54 | Crear | Villager (Male) |
| 7:54 | Crear | Villager (Male) |
| 7:54 | Crear | Villager (Male) |
| 8:13 | Crear | Villager (Male) |
| 8:13 | Crear | Villager (Male) |
| 8:13 | Crear | Villager (Male) |
| 8:13 | Crear | Villager (Male) |
| 8:17 | Construir | House |
| 8:25 | Construir | House |
| 8:32 | Crear | Villager (Male) |
| 8:32 | Crear | Villager (Male) |
| 8:33 | Crear | Villager (Male) |
| 8:39 | Crear | Fishing Ship |
| 8:39 | Crear | Fishing Ship |
| 8:56 | Crear | Villager (Male) |
| 8:56 | Crear | Villager (Male) |
| 8:56 | Crear | Villager (Male) |
| 8:56 | Crear | Villager (Male) |
| 9:09 | Crear | Villager (Male) |
| 9:09 | Crear | Villager (Male) |
| 9:09 | Crear | Villager (Male) |
| 9:12 | Crear | Villager (Male) |
| 9:13 | Crear | Villager (Male) |
| 9:13 | Crear | Villager (Male) |
| 9:49 | Crear | Fishing Ship |
| 9:54 | Crear | Villager (Male) |
| 9:54 | Crear | Villager (Male) |
| 9:55 | Crear | Villager (Male) |
| 10:07 | Construir | House |
| 10:17 | Crear | Villager (Male) |
| 10:17 | Crear | Villager (Male) |
| 10:17 | Crear | Villager (Male) |
| 10:18 | Crear | Villager (Male) |
| 10:26 | Construir | House |
| 10:47 | Construir | House |
| 10:49 | Crear | Fishing Ship |
| 11:27 | Construir | Mining Camp |
| 11:35 | Construir | House |
| 11:50 | Investigar | Feudal Age |
| 11:51 | Investigar | Feudal Age |
| 11:51 | Investigar | Feudal Age |
| 11:56 | Construir | House |
| 12:29 | Construir | Mill |
| 12:58 | Crear | Villager (Male) |
| 13:29 | Crear | Fishing Ship |
| 13:34 | Construir | House |
| 13:51 | Construir | House |
| 14:00 | Edad | Edad Feudal |
| 14:03 | Crear | Villager (Male) |
| 14:03 | Crear | Villager (Male) |
| 14:21 | Construir | Market |
| 14:50 | Construir | Blacksmith |
| 15:32 | Investigar | Castle Age |
| 16:02 | Investigar | Stone Mining |
| 16:02 | Investigar | Stone Mining |
| 18:10 | Investigar | Wheelbarrow |
| 18:12 | Edad | Edad de los Castillos |
| 18:36 | Construir | Town Center |
| 19:40 | Crear | Villager (Male) |
| 19:41 | Crear | Villager (Male) |
| 19:41 | Crear | Villager (Male) |
| 20:25 | Crear | Villager (Male) |
| 20:25 | Crear | Villager (Male) |
| 20:25 | Crear | Villager (Male) |
| 20:40 | Construir | Town Center |
| 21:24 | Crear | Villager (Male) |
| 21:39 | Construir | Lumber Camp |
| 21:51 | Construir | Castle |
| 22:06 | Crear | Villager (Male) |
| 22:06 | Crear | Villager (Male) |
| 22:12 | Crear | Villager (Male) |
| 22:12 | Crear | Villager (Male) |
| 22:28 | Crear | Villager (Male) |
| 22:30 | Crear | Villager (Male) |
| 23:11 | Crear | Villager (Male) |
| 23:14 | Crear | Villager (Male) |
| 23:14 | Crear | Villager (Male) |
| 23:14 | Crear | Villager (Male) |
| 23:59 | Construir | Town Center |
| 24:04 | Crear | Villager (Male) |
| 24:05 | Crear | Villager (Male) |
| 24:05 | Crear | Villager (Male) |
| 24:05 | Crear | Villager (Male) |
| 24:11 | Construir | Mill |
| 24:22 | Construir | Mill |
| 24:29 | Crear | Villager (Male) |
| 25:00 | Crear | Villager (Male) |
| 25:08 | Construir | Mill |
| 25:11 | Crear | Villager (Male) |
| 25:11 | Crear | Villager (Male) |
| 25:11 | Crear | Villager (Male) |
| 25:27 | Crear | Villager (Male) |
| 25:27 | Crear | Villager (Male) |
| 25:42 | Crear | Villager (Male) |
| 25:42 | Crear | Villager (Male) |
| 25:42 | Crear | Villager (Male) |
| 25:43 | Crear | Villager (Male) |
| 25:51 | Construir | Dock |
| 26:00 | Crear | Villager (Male) |
| 26:01 | Crear | Villager (Male) |
| 26:02 | Crear | Villager (Male) |
| 26:02 | Crear | Villager (Male) |
| 26:02 | Crear | Villager (Male) |
| 26:07 | Crear | Villager (Male) |
| 26:07 | Crear | Villager (Male) |
| 26:20 | Construir | Farm |
| 26:22 | Construir | Farm |
| 26:22 | Crear | Villager (Male) |
| 26:23 | Crear | Villager (Male) |
| 26:23 | Crear | Villager (Male) |
| 26:32 | Construir | Town Center |
| 27:07 | Crear | Villager (Male) |
| 27:07 | Crear | Villager (Male) |
| 27:08 | Crear | Villager (Male) |
| 27:08 | Crear | Villager (Male) |
| 27:15 | Construir | Dock |
Cronología de la partida
| 0:08 | El Papá · first_building Dock |
| 0:46 | iloconeve · first_building Dock |
| 0:49 | Ares_Hong Bang- Trieu Dynasty · first_building Dock |
| 0:49 | shogun · first_building Dock |
| 1:04 | Snitzelyd · first_building Dock |
| 1:42 | CC呀是白日梦想家 · first_building Dock |
| 2:08 | CR4H · first_building Dock |
| 2:42 | Ares_Hong Bang- Trieu Dynasty · wall_segment Palisade Wall x1 |
| 3:23 | Wolfie · first_building Dock |
| 3:45 | iloconeve · wall_segment Palisade Wall x1 |
| 3:52 | iloconeve · wall_segment Palisade Wall x1 |
| 5:29 | Wolfie · wall_segment Palisade Wall x1 |
| 5:30 | Wolfie · wall_segment Palisade Wall x1 |
| 8:47 | iloconeve · wall_segment Palisade Wall x9 |
| 8:47 | Wolfie · wall_segment Palisade Wall x1 |
| 12:52 | Wolfie · age_up feudal |
| 13:08 | CR4H · age_up feudal |
| 13:09 | Snitzelyd · age_up feudal |
| 13:32 | iloconeve · age_up feudal |
| 13:39 | El Papá · age_up feudal |
| 13:40 | shogun · age_up feudal |
| 14:00 | Ares_Hong Bang- Trieu Dynasty · age_up feudal |
| 14:30 | CC呀是白日梦想家 · age_up feudal |
| 15:01 | CC呀是白日梦想家 · wall_segment Palisade Wall x1 |
| 16:45 | CR4H · age_up castle |
| 16:46 | Wolfie · first_market_sell 100 wood |
| 16:47 | Wolfie · first_market_buy 100 stone |
| 17:01 | Wolfie · age_up castle |
| 17:08 | CR4H · first_market_buy 100 stone |
| 17:09 | iloconeve · age_up castle |
| 17:15 | CR4H · first_building Castle |
| 17:20 | iloconeve · first_building Castle |
| 17:28 | Wolfie · first_building Castle |
| 17:55 | iloconeve · first_market_buy 100 food |
| 17:58 | shogun · first_building Barracks |
| 18:10 | CC呀是白日梦想家 · age_up castle |
| 18:12 | Ares_Hong Bang- Trieu Dynasty · age_up castle |
| 18:13 | CC呀是白日梦想家 · first_building Castle |
| 18:15 | El Papá · wall_segment Palisade Wall x1 |
| 18:16 | El Papá · wall_segment Palisade Wall x1 |
| 18:18 | El Papá · wall_segment Palisade Wall x1 |
| 18:19 | El Papá · wall_segment Palisade Wall x1 |
| 19:31 | shogun · first_building Archery Range |
| 19:42 | CR4H · first_building Siege Workshop |
| 19:54 | shogun · age_up castle |
| 20:09 | CC呀是白日梦想家 · wall_segment Palisade Wall x10 |
| 21:08 | CC呀是白日梦想家 · first_market_sell 100 stone |
| 21:09 | CC呀是白日梦想家 · first_market_buy 100 wood |
| 21:28 | Wolfie · first_building Siege Workshop |
| 21:39 | El Papá · age_up castle |
| 21:44 | El Papá · first_building Castle |
| 21:51 | Ares_Hong Bang- Trieu Dynasty · first_building Castle |
| 21:54 | Wolfie · first_building Barracks |
| 21:59 | Wolfie · first_building Monastery |
| 22:13 | Snitzelyd · age_up castle |
| 22:33 | El Papá · first_building Siege Workshop |
| 23:02 | El Papá · first_market_sell 100 stone |
| 23:04 | Snitzelyd · first_building Castle |
| 24:30 | Wolfie · first_building Stable |
| 24:56 | iloconeve · wall_segment Stone Wall x3 |
| 25:51 | CC呀是白日梦想家 · first_building Monastery |
| 26:40 | shogun · first_building Stable |
| 26:43 | shogun · wall_segment Stone Wall x1 |
| 26:45 | shogun · wall_segment Stone Wall x2 |
| 27:50 | CR4H · first_building Monastery |
| 30:57 | Ares_Hong Bang- Trieu Dynasty · first_building Barracks |
| 31:14 | Ares_Hong Bang- Trieu Dynasty · first_building Monastery |
| 31:26 | iloconeve · first_market_sell 100 wood |
| 31:39 | CC呀是白日梦想家 · first_building Barracks |
| 31:54 | iloconeve · first_building Barracks |
| 31:58 | Snitzelyd · first_building Barracks |
| 33:07 | Snitzelyd · first_building Stable |
| 33:08 | Snitzelyd · first_building Archery Range |
| 33:45 | CC呀是白日梦想家 · first_building Stable |
| 34:10 | shogun · first_building Castle |
| 34:24 | Wolfie · wall_segment Palisade Wall x1 |
| 34:32 | CC呀是白日梦想家 · first_building Archery Range |
| 35:05 | iloconeve · age_up imperial |
| 37:17 | Wolfie · age_up imperial |
| 37:20 | CC呀是白日梦想家 · age_up imperial |
| 37:37 | Ares_Hong Bang- Trieu Dynasty · age_up imperial |
| 37:40 | Snitzelyd · first_market_sell 500 wood |
| 39:21 | shogun · age_up imperial |
| 40:15 | Ares_Hong Bang- Trieu Dynasty · wall_segment Stone Wall x17 |
| 40:21 | Ares_Hong Bang- Trieu Dynasty · wall_segment Palisade Wall x1 |
| 40:21 | Ares_Hong Bang- Trieu Dynasty · wall_segment Palisade Wall x1 |
| 41:18 | CR4H · first_market_sell 100 wood |
| 41:39 | Snitzelyd · age_up imperial |
| 42:02 | Ares_Hong Bang- Trieu Dynasty · first_building Archery Range |
| 42:15 | Wolfie · first_building Archery Range |
| 42:34 | CC呀是白日梦想家 · first_building Siege Workshop |
| 42:37 | shogun · resign |
| 42:53 | CR4H · first_building Barracks |
| 43:28 | Snitzelyd · first_building Siege Workshop |
| 45:39 | El Papá · first_building Barracks |
| 46:22 | Ares_Hong Bang- Trieu Dynasty · first_market_sell 100 wood |
[ ANÁLISIS IA · 1 CRÉDITO ]
¿Qué pasó realmente en esta partida?
Wolo.gg analiza cada decisión: build order, eco, micro, errores típicos por bracket. Análisis personalizado por WhatsApp o Discord en 30 segundos.
Guía civ
Maya
Perfil
Jugador #20291522